| TOP OF THE 1ST |
|
Cincinnati (NYP) Reds batting - Pitching for West Virginia Black Bears : RHP Nick Lockwood
|
|
Pitching: RHP Nick Lockwood
|
|
|
Batting: SHB Bryan Johnston
|
0-0: Called Strike 0-1: Foul Ball, location: 2F 0-2: Ball 1-2: Ball 2-2: TRIPLE (Flyball, 78XD, EV 96.9 MPH)
|
|
Batting: LHB Fernando Gomez
|
0-0: Called Strike 0-1: Ball 1-1: Ball 2-1: Foul Ball, location: 2F 2-2: DOUBLE (Flyball, 78XD, EV 93.1 MPH) Bryan Johnston scores
|
|
Batting: RHB Ricky Carbajal
|
0-0: Foul Ball, location: 2F 0-1: SINGLE (Flyball, 89S, EV 83.8 MPH) Fernando Gomez to third Runner from 3rd tries for Home, SAFE, throw by RF to home
|
|
Batting: RHB Jamie Ingram
|
0-0: Ball Ricky Carbajal steals 2nd base 1-0: Called Strike 1-1: SINGLE (Groundball, 6M, EV 105.0 MPH) (infield hit) Ricky Carbajal to third
|
|
Batting: RHB Kagetoki Kawai
|
0-0: Called Strike 0-1: SINGLE (Line Drive, 6D, EV 98.1 MPH) Ricky Carbajal scores Jamie Ingram to second
|
|
Batting: LHB Marty Hafner
|
0-0: Ball 1-0: Swinging Strike 1-1: Swinging Strike 1-2: Strikes out swinging
|
|
Batting: RHB Dave Ruiz
|
0-0: Ball 1-0: Called Strike 1-1: Called Strike 1-2: Strikes out looking
|
|
Batting: RHB Chae-seong Lee
|
0-0: Ball 1-0: Called Strike 1-1: Called Strike 1-2: Strikes out looking
|
| Top of the 1st over - 3 runs, 5 hits, 0 errors, 2 left on base; Cincinnati (NYP) 3 - West Virginia 0 |
| BOTTOM OF THE 1ST |
|
West Virginia Black Bears batting - Pitching for Cincinnati (NYP) Reds : RHP Hideki Kobayashi
|
|
Pitching: RHP Hideki Kobayashi
|
|
|
Batting: LHB Joe Hoover
|
0-0: Swinging Strike 0-1: Ball 1-1: Foul Ball, location: 2F 1-2: Strikes out looking
|
|
Batting: LHB Gregg Kellerman
|
0-0: Ball 1-0: Called Strike 1-1: Called Strike 1-2: Ground out 6-3 (Groundball, P, EV 95.0 MPH)
|
|
Batting: RHB Jose Almonte
|
0-0: Ball 1-0: Ball 2-0: Called Strike 2-1: Foul Ball, location: 2F 2-2: Ball 3-2: Base on Balls
|
|
Batting: SHB Mike Corley
|
0-0: Called Strike 0-1: Fly out, F7 (Flyball, 78D, EV 76.3 MPH)
|
| Bottom of the 1st over - 0 runs, 0 hits, 0 errors, 1 left on base; Cincinnati (NYP) 3 - West Virginia 0 |
| TOP OF THE 2ND |
|
Cincinnati (NYP) Reds batting - Pitching for West Virginia Black Bears : RHP Nick Lockwood
|
|
Batting: LHB Josiah Leath
|
0-0: Ball 1-0: Called Strike 1-1: Foul Ball, location: 2F 1-2: Foul Ball, location: 2F 1-2: Foul Ball, location: 2F 1-2: Ball 2-2: Fly out, F8 (Flyball, 8RM, EV 85.0 MPH)
|
|
Batting: SHB Bryan Johnston
|
0-0: Ball 1-0: Foul Ball, location: 2F 1-1: Ball 2-1: Fly out, F9 (Flyball, 9LM, EV 85.6 MPH)
|
|
Batting: LHB Fernando Gomez
|
0-0: Foul Ball, location: 2F 0-1: Foul Ball, location: 2F 0-2: Foul Ball, location: 2F 0-2: Strikes out swinging
|
| Top of the 2nd over - 0 runs, 0 hits, 0 errors, 0 left on base; Cincinnati (NYP) 3 - West Virginia 0 |
| BOTTOM OF THE 2ND |
|
West Virginia Black Bears batting - Pitching for Cincinnati (NYP) Reds : RHP Hideki Kobayashi
|
|
Batting: LHB Brandon Sarni
|
0-0: Ball 1-0: Foul Ball, location: 2F 1-1: Swinging Strike 1-2: Strikes out swinging
|
|
Batting: RHB Chris Pozzi
|
0-0: Ball 1-0: Ball 2-0: Foul Ball, location: 2F 2-1: Called Strike 2-2: Strikes out looking
|
|
Batting: RHB Mike Velazquez
|
0-0: Swinging Strike 0-1: Ball 1-1: Swinging Strike 1-2: Strikes out swinging
|
| Bottom of the 2nd over - 0 runs, 0 hits, 0 errors, 0 left on base; Cincinnati (NYP) 3 - West Virginia 0 |
| TOP OF THE 3RD |
|
Cincinnati (NYP) Reds batting - Pitching for West Virginia Black Bears : RHP Nick Lockwood
|
|
Batting: RHB Ricky Carbajal
|
0-0: Foul Ball, location: 2F 0-1: Hit by Pitch
|
|
Batting: RHB Jamie Ingram
|
0-0: Ball Ricky Carbajal steals 2nd base 1-0: Swinging Strike 1-1: Fly out, F9 (Flyball, 9S, EV 96.9 MPH)
|
|
Batting: RHB Kagetoki Kawai
|
0-0: Ball Ricky Carbajal steals 3rd base 1-0: Called Strike 1-1: Ball 2-1: Swinging Strike 2-2: Strikes out swinging
|
|
Batting: LHB Marty Hafner
|
0-0: Ball 1-0: Ball 2-0: Ball 3-0: Called Strike 3-1: Foul Ball, location: 2F 3-2: Foul Ball, location: 2F 3-2: Base on Balls
|
|
Batting: RHB Dave Ruiz
|
0-0: Ground out 1-3 (Groundball, 13S, EV 66.9 MPH)
|
| Top of the 3rd over - 0 runs, 0 hits, 0 errors, 2 left on base; Cincinnati (NYP) 3 - West Virginia 0 |
| BOTTOM OF THE 3RD |
|
West Virginia Black Bears batting - Pitching for Cincinnati (NYP) Reds : RHP Hideki Kobayashi
|
|
Batting: RHB Pleun Smit
|
0-0: Ball 1-0: Foul Ball, location: 2F 1-1: Swinging Strike 1-2: Ball 2-2: Strikes out looking
|
|
Batting: RHB Richard Barrios
|
0-0: Ground out 6-3 (Groundball, 6S, EV 69.4 MPH)
|
|
Batting: LHB Joe Hoover
|
0-0: Swinging Strike 0-1: Ball 1-1: Fly out, F7 (Line Drive, 7, EV 86.9 MPH)
|
| Bottom of the 3rd over - 0 runs, 0 hits, 0 errors, 0 left on base; Cincinnati (NYP) 3 - West Virginia 0 |
| TOP OF THE 4TH |
|
Cincinnati (NYP) Reds batting - Pitching for West Virginia Black Bears : RHP Nick Lockwood
|
|
Batting: RHB Chae-seong Lee
|
0-0: Called Strike 0-1: Ball 1-1: Ball 2-1: Ball 3-1: Foul Ball, location: 2F 3-2: Base on Balls
|
|
Batting: LHB Josiah Leath
|
0-0: Ball 1-0: SINGLE (Line Drive, 7S, EV 95.6 MPH) Chae-seong Lee to second
|
|
Batting: SHB Bryan Johnston
|
0-0: Ball 1-0: Fly out, F8 (Flyball, 8RS, EV 89.4 MPH)
|
|
Batting: LHB Fernando Gomez
|
0-0: Ball 1-0: Foul Ball, location: 2F 1-1: Foul Ball, location: 2F 1-2: Foul Ball, location: 2F 1-2: Fly out, F7 (Line Drive, 7, EV 109.4 MPH)
|
|
Batting: RHB Ricky Carbajal
|
0-0: Ball 1-0: Ball 2-0: Ball 3-0: Called Strike 3-1: Ground out 3-1 (Groundball, 34, EV 86.3 MPH)
|
| Top of the 4th over - 0 runs, 1 hit, 0 errors, 2 left on base; Cincinnati (NYP) 3 - West Virginia 0 |
| BOTTOM OF THE 4TH |
|
West Virginia Black Bears batting - Pitching for Cincinnati (NYP) Reds : RHP Hideki Kobayashi
|
|
Batting: LHB Gregg Kellerman
|
0-0: Ball 1-0: Ball 2-0: Ball 3-0: Base on Balls
|
|
Batting: RHB Jose Almonte
|
0-0: Ball 1-0: Fly out, F9 (Flyball, 9, EV 76.9 MPH)
|
|
Batting: SHB Mike Corley
|
0-0: Called Strike 0-1: Ball 1-1: Foul Ball, location: 2F 1-2: Fielders Choice at 2nd, 3-6 (Groundball, 34S, EV 80.6 MPH)
|
|
Batting: LHB Brandon Sarni
|
0-0: Ball Mike Corley is caught stealing 2nd base 2-6
|
| Bottom of the 4th over - 0 runs, 0 hits, 0 errors, 0 left on base; Cincinnati (NYP) 3 - West Virginia 0 |
| TOP OF THE 5TH |
|
Cincinnati (NYP) Reds batting - Pitching for West Virginia Black Bears : RHP Nick Lockwood
|
|
Batting: RHB Jamie Ingram
|
0-0: Foul Ball, location: 2F 0-1: Ball 1-1: Ball 2-1: Ball 3-1: Base on Balls
|
|
Batting: RHB Kagetoki Kawai
|
0-0: Swinging Strike 0-1: Swinging Strike 0-2: Foul Ball, location: 2F 0-2: Strikes out swinging
|
|
Batting: LHB Marty Hafner
|
0-0: Ball 1-0: Called Strike 1-1: Ball 2-1: Foul Ball, location: 2F 2-2: Strikes out swinging
|
|
Pitching: RHP Victor Medina
|
|
|
Batting: RHB Dave Ruiz
|
0-0: Ground out 4-3 (Groundball, 34, EV 88.8 MPH)
|
| Top of the 5th over - 0 runs, 0 hits, 0 errors, 1 left on base; Cincinnati (NYP) 3 - West Virginia 0 |
| BOTTOM OF THE 5TH |
|
West Virginia Black Bears batting - Pitching for Cincinnati (NYP) Reds : RHP Hideki Kobayashi
|
|
Batting: LHB Brandon Sarni
|
0-0: Foul Ball, location: 2F 0-1: Called Strike 0-2: Ball 1-2: SINGLE (Groundball, 4MS, EV 85.0 MPH) (infield hit)
|
|
Batting: RHB Chris Pozzi
|
0-0: Ball 1-0: Ball 2-0: Called Strike 2-1: Foul Ball, location: 2F 2-2: Ball 3-2: Foul Ball, location: 2F 3-2: Grounds into double play, 6-4-3 (Groundball, 6, EV 98.1 MPH)
|
|
Batting: RHB Mike Velazquez
|
0-0: Called Strike 0-1: Ball 1-1: Foul Ball, location: 2F 1-2: SINGLE (Groundball, 6MD, EV 106.9 MPH)
|
|
Batting: RHB Pleun Smit
|
0-0: Ball 1-0: Ball 2-0: Ball 3-0: Base on Balls Mike Velazquez to second
|
|
Batting: RHB Richard Barrios
|
0-0: DOUBLE (Line Drive, 5D, EV 108.1 MPH) Mike Velazquez scores Pleun Smit to third
|
|
Batting: LHB Joe Hoover
|
0-0: Ball 1-0: SINGLE (Groundball, 56S, EV 66.3 MPH) (infield hit) Pleun Smit scores Richard Barrios to third
|
|
Batting: LHB Gregg Kellerman
|
0-0: Ball 1-0: SINGLE (Groundball, 4MD, EV 103.1 MPH) Richard Barrios scores Joe Hoover to second
|
|
Batting: RHB Jose Almonte
|
0-0: Swinging Strike 0-1: Ball 1-1: Ball 2-1: Foul Ball, location: 2F 2-2: Ball 3-2: Foul Ball, location: 2F 3-2: Foul Ball, location: 2F 3-2: Ground out 2-3 (Groundball, 13S, EV 68.1 MPH)
|
| Bottom of the 5th over - 3 runs, 5 hits, 0 errors, 2 left on base; Cincinnati (NYP) 3 - West Virginia 3 |
| TOP OF THE 6TH |
|
Cincinnati (NYP) Reds batting - Pitching for West Virginia Black Bears : RHP Victor Medina
|
|
Batting: RHB Chae-seong Lee
|
0-0: Ball 1-0: Called Strike 1-1: Foul Ball, location: 2F 1-2: Ball 2-2: Ball 3-2: Strikes out swinging
|
|
Batting: LHB Josiah Leath
|
0-0: Fly out, F6 (Popup, 6M, EV 71.9 MPH)
|
|
Batting: SHB Bryan Johnston
|
0-0: Ball 1-0: Foul Ball, location: 2F 1-1: Ground out 6-3 (Groundball, 6, EV 80.6 MPH)
|
| Top of the 6th over - 0 runs, 0 hits, 0 errors, 0 left on base; Cincinnati (NYP) 3 - West Virginia 3 |
| BOTTOM OF THE 6TH |
|
West Virginia Black Bears batting - Pitching for Cincinnati (NYP) Reds : RHP Hideki Kobayashi
|
|
Batting: SHB Mike Corley
|
0-0: Ball 1-0: Called Strike 1-1: Foul Ball, location: 2F 1-2: Strikes out swinging
|
|
Batting: LHB Brandon Sarni
|
0-0: Called Strike 0-1: Swinging Strike 0-2: Ball 1-2: Foul Ball, location: 2F 1-2: Foul Ball, location: 2F 1-2: Ground out 4-3 (Groundball, 4, EV 87.5 MPH)
|
|
Batting: RHB Chris Pozzi
|
0-0: Swinging Strike 0-1: Ball 1-1: Ball 2-1: Ball 3-1: Fly out, F4 (Line Drive, 4, EV 68.1 MPH)
|
| Bottom of the 6th over - 0 runs, 0 hits, 0 errors, 0 left on base; Cincinnati (NYP) 3 - West Virginia 3 |
| TOP OF THE 7TH |
|
Cincinnati (NYP) Reds batting - Pitching for West Virginia Black Bears : RHP Victor Medina
|
|
Batting: LHB Fernando Gomez
|
0-0: Called Strike 0-1: Swinging Strike 0-2: Strikes out swinging
|
|
Batting: RHB Ricky Carbajal
|
0-0: Hit by Pitch
|
|
Batting: RHB Jamie Ingram
|
0-0: Ball 1-0: Called Strike Ricky Carbajal steals 2nd base 1-1: Intentional Walk
|
|
Pinch Hitting: SHB Jeffrey Louter
|
0-0: Ball Jamie Ingram is caught stealing 2nd base 2-6 Ricky Carbajal steals 3rd base 1-0: Ball 2-0: Ball 3-0: Called Strike 3-1: Ground out 4-3 (Groundball, 4D, EV 93.8 MPH)
|
| Top of the 7th over - 0 runs, 0 hits, 0 errors, 1 left on base; Cincinnati (NYP) 3 - West Virginia 3 |
| BOTTOM OF THE 7TH |
|
West Virginia Black Bears batting - Pitching for Cincinnati (NYP) Reds : RHP Hideki Kobayashi
|
|
Now in CF: Pete Orban
|
|
|
Batting: RHB Mike Velazquez
|
0-0: Ball 1-0: Foul Ball, location: 2F 1-1: Ball 2-1: Swinging Strike 2-2: Strikes out looking
|
|
Pinch Hitting: LHB Pat Baker
|
0-0: Ball 1-0: Called Strike 1-1: Foul Ball, location: 2F 1-2: Foul Ball, location: 2F 1-2: Ball 2-2: Foul Ball, location: 2F 2-2: Reached on error, E4 (Groundball, 4M, EV 84.4 MPH)
|
|
Pitching: RHP Markus Bevan
|
|
|
Batting: RHB Richard Barrios
|
0-0: Called Strike Pat Baker steals 2nd base 0-1: Ground out 5-3 (Groundball, 56S, EV 69.4 MPH) Pat Baker to third
|
|
Batting: LHB Joe Hoover
|
0-0: Called Strike 0-1: Called Strike 0-2: Strikes out swinging
|
| Bottom of the 7th over - 0 runs, 0 hits, 1 error, 1 left on base; Cincinnati (NYP) 3 - West Virginia 3 |
| TOP OF THE 8TH |
|
Cincinnati (NYP) Reds batting - Pitching for West Virginia Black Bears : RHP Victor Medina
|
|
Now at 3B: Chris Beckham
|
|
|
Batting: LHB Marty Hafner
|
0-0: Called Strike 0-1: Ball 1-1: SINGLE (Line Drive, 34, EV 101.9 MPH)
|
|
Batting: RHB Dave Ruiz
|
0-0: Bunted foul 0-1: Bunted foul 0-2: Fly out, F9 (Flyball, 89D, EV 90.0 MPH)
|
|
Batting: RHB Chae-seong Lee
|
0-0: Ball 1-0: Ball 2-0: Ball 3-0: Called Strike 3-1: Foul Ball, location: 2F 3-2: Base on Balls Marty Hafner to second
|
|
Batting: LHB Josiah Leath
|
0-0: Fly out, F8 (Flyball, 78M, EV 95.6 MPH)
|
|
Batting: SHB Bryan Johnston
|
0-0: Ball 1-0: Ground out 4-3 (Groundball, 4, EV 86.9 MPH)
|
| Top of the 8th over - 0 runs, 1 hit, 0 errors, 2 left on base; Cincinnati (NYP) 3 - West Virginia 3 |
| BOTTOM OF THE 8TH |
|
West Virginia Black Bears batting - Pitching for Cincinnati (NYP) Reds : RHP Markus Bevan
|
|
Batting: LHB Gregg Kellerman
|
0-0: Ground out 4-3 (Groundball, 4, EV 105.0 MPH)
|
|
Batting: RHB Jose Almonte
|
0-0: Ball 1-0: Ball 2-0: Ball 3-0: Base on Balls
|
|
Batting: SHB Mike Corley
|
0-0: Called Strike 0-1: Swinging Strike 0-2: Ball 1-2: Foul Ball, location: 2F 1-2: Strikes out swinging
|
|
Batting: LHB Brandon Sarni
|
0-0: Ball Jose Almonte steals 2nd base 1-0: Ball 2-0: 2-RUN HOME RUN (Flyball, 89XD, EV 105.0 MPH), Distance : 431 ft
|
|
Batting: RHB Chris Pozzi
|
0-0: SINGLE (Groundball, 6MS, EV 73.1 MPH) (infield hit)
|
|
Batting: RHB Mike Velazquez
|
0-0: Ball Chris Pozzi steals 2nd base (no throw) 1-0: Ball 2-0: Called Strike 2-1: Ball 3-1: Hit by Pitch
|
|
Batting: RHB Chris Beckham
|
0-0: Called Strike 0-1: Foul Ball, location: 2F 0-2: Ball 1-2: Ball 2-2: Ground out 3-1 (Groundball, 34S, EV 90.0 MPH)
|
| Bottom of the 8th over - 2 runs, 2 hits, 0 errors, 2 left on base; Cincinnati (NYP) 3 - West Virginia 5 |
| TOP OF THE 9TH |
|
Cincinnati (NYP) Reds batting - Pitching for West Virginia Black Bears : RHP Victor Medina
|
|
Pitching: RHP Joel Olausson
|
|
|
Now at SS: Steve Dennis
|
|
|
Now in LF: Alan Pumphrey
|
|
|
Batting: LHB Fernando Gomez
|
0-0: Ball 1-0: Swinging Strike 1-1: Swinging Strike 1-2: Strikes out swinging
|
|
Batting: RHB Ricky Carbajal
|
0-0: Ground out 1-3 (Groundball, 13S, EV 69.4 MPH)
|
|
Batting: RHB Jamie Ingram
|
0-0: Ball 1-0: Foul Ball, location: 2F 1-1: Ball 2-1: SINGLE (Line Drive, 89M, EV 92.5 MPH)
|
|
Batting: RHB Pete Orban
|
0-0: Ball 1-0: Ball 2-0: Foul Ball, location: 2F 2-1: Fielders Choice at 2nd, 6-4 (Groundball, 56, EV 98.1 MPH)
|
| Top of the 9th over - 0 runs, 1 hit, 0 errors, 1 left on base; Cincinnati (NYP) 3 - West Virginia 5 |
|